 Dungeon Crawl Stone Soup version 0.21-a0-442-g848f44b (webtiles) character file.

60530 kae the Geomancer (level 14, -5/86 HPs)
             Began as a Gargoyle Earth Elementalist on Nov 13, 2017.
             Was a High Priest of Vehumet.
             Shot with a bolt by an orc warlord (25 damage)
             ... on level 1 of the Orcish Mines.
             The game lasted 00:36:54 (26325 turns).

kae the Geomancer (Gargoyle Earth Elementalist)    Turns: 26325, Time: 00:36:55

Health: -5/86      AC: 25    Str: 12    XL:     14   Next: 99%
Magic:  2/44       EV: 15    Int: 21    God:    Vehumet [*****.]
Gold:   1359       SH:  4    Dex: 10    Spells: 16/36 levels left

rFire    . . .     SeeInvis .   z - staff of power
rCold    + . .     Gourm    .   u - +0 buckler
rNeg     + . .     Faith    .   J - +2 robe {rC+}
rPois    ∞         Spirit   .   y - +1 helmet
rElec    +         Reflect  .   F - +0 cloak
rCorr    .         Harm     .   (no gloves)
MR       ++...                  Y - +2 pair of boots {run}
Stlth    ++........             w - amulet of regeneration
HPRegen  0.64/turn              k - ring of protection from magic
MPRegen  0.29/turn              V - +5 ring of protection

@: flying, quick
A: big wings, negative energy resistance 1, electricity resistance, unbreathing,
petrification resistance, rot immunity, AC +10
a: Stop Flying, Renounce Religion


You were on level 1 of the Orcish Mines.
You worshipped Vehumet.
Vehumet was extremely pleased with you.
You were hungry.

You visited 4 branches of the dungeon, and saw 20 of its levels.
You also visited: Sewer.

You collected 1509 gold pieces.
You spent 150 gold pieces at shops.

Inventory:

Missiles
 b - 167 stones (quivered)
Armour
 u - a +0 buckler (worn)
 y - a +1 helmet (worn)
 F - a +0 cloak (worn)
 J - a +2 robe of cold resistance (worn)
 Y - a +2 pair of boots of running (worn)
Magical Staves
 z - an uncursed staff of power (weapon)
 Z - an uncursed staff of wizardry
Jewellery
 k - a ring of protection from magic (left hand)
 w - an amulet of regeneration (around neck)
 L - an uncursed ring of flight {unknown}
 V - a +5 ring of protection (right hand)
Wands
 l - a wand of iceblast (5/15)
 s - a wand of acid (12/15)
 E - a wand of confusion (11/48)
 K - a wand of disintegration (11/24)
 S - a wand of digging (7/24)
 X - a wand of polymorph (11/24)
Scrolls
 a - 14 scrolls of remove curse
 j - 3 scrolls of recharging
 n - 2 scrolls of immolation
 p - 5 scrolls of fog
 q - 2 scrolls of amnesia
 D - 2 scrolls of magic mapping
 G - 3 scrolls of enchant armour
 H - 4 scrolls of identify
 N - a scroll of acquirement
 O - a scroll of blinking
 T - a scroll of teleportation
 U - 2 scrolls of enchant weapon
Potions
 c - a potion of agility
 f - 5 potions of might
 h - 7 potions of lignification
 m - a potion of mutation
 r - 3 potions of berserk rage
 t - 2 potions of invisibility
 v - 3 potions of ambrosia
 x - 3 potions of magic
 A - 9 potions of curing
 B - 2 potions of heal wounds
 C - 6 potions of haste
 M - 3 potions of cancellation
Books
 e - a book of Geomancy

   Spells                             Type                      Level
   a - Sandblast                      Earth                        1
   b - Passwall                       Transmutation/Earth          2
   c - Stone Arrow                    Conjuration/Earth            3
   d - Petrify                        Transmutation/Earth          4
   e - Lee's Rapid Deconstruction     Earth                        5
 o - a book of Clouds

   Spells                             Type                      Level
   a - Poisonous Vapours              Poison/Air                   2
   b - Mephitic Cloud                 Conjuration/Poison/Air       3
   c - Conjure Flame                  Conjuration/Fire             3
   d - Freezing Cloud                 Conjuration/Ice/Air          6
   e - Ring of Flames                 Charms/Fire                  7
 R - a book of Power

   Spells                             Type                      Level
   a - Iskenderun's Battlesphere      Conjuration/Charms           5
   b - Venom Bolt                     Conjuration/Poison           5
   c - Bolt of Magma                  Conjuration/Fire/Earth       5
   d - Iron Shot                      Conjuration/Earth            6
   e - Orb of Destruction             Conjuration                  7
   f - Spellforged Servitor           Conjuration/Summoning        7
 W - a book of Dreams

   Spells                             Type                      Level
   a - Ensorcelled Hibernation        Hexes/Ice                    2
   b - Silence                        Hexes/Air                    5
   c - Darkness                       Hexes                        6
   d - Shadow Creatures               Summoning                    6
Comestibles
 d - 14 bread rations
 g - 13 meat rations
 i - 4 royal jellies
 P - 3 fruits


   Skills:
 + Level 9.5 Fighting
   Level 2.3(4.1) Maces & Flails
 * Level 5.2(5.4) Staves
 + Level 7.6 Dodging
 - Level 2.1 Stealth
 - Level 4.0 Shields
 * Level 11.7 Spellcasting
 * Level 13.2 Conjurations
   Level 0.7 Transmutations
 * Level 14.8 Earth Magic
 + Level 3.1 Evocations


You had 16 spell levels left.
You knew the following spells:

 Your Spells              Type           Power        Failure   Level  Hunger
a - Sandblast             Erth           ######       0%          1    None
b - Stone Arrow           Conj/Erth      ######       1%          3    None
c - Lee's Rapid Deconstr  Erth           ######....   1%          5    ####...
d - Bolt of Magma         Conj/Fire/Erth ######....   1%          5    ####...
e - Iron Shot             Conj/Erth      ######....   1%          6    ######.


Dungeon Overview and Level Annotations

Branches:
Dungeon (12/15)            Temple (1/1) D:5            Lair (6/6) D:8
  Swamp (0/4) Lair:2       Spider (0/4) Lair:2        Slime (0/5) Lair:6
    Orc (1/2) D:9

Altars:
Ashenzari
Cheibriados
Dithmenos
Elyvilon
Fedhas
Gozag
Hepliaklqana
Kikubaaqudgha
Makhleb
Nemelex Xobeh
Okawaru
Qazlal
Ru
Sif Muna
Trog
Uskayaw
Vehumet
Wu Jian
Xom
Yredelemnul
Zin
The Shining One
Beogh
Jiyva

Shops:
D:5 (   D:6 *   D:8 *   Orc:1 :

Annotations:
D:7 4 runed doors
Lair:1 Gastronok
Lair:4 2 transporters


Innate Abilities, Weirdness & Mutations

You are resistant to torment.
Your stone body is resilient. (AC +10)
You are immune to poison.
Your large and strong wings let you fly indefinitely.
You resist negative energy. (rN+)
You are resistant to electric shocks. (rElec)
You can survive without breathing.
You are immune to petrification.
You are immune to rotting.


Message History

Aim: an orc, wielding an enchanted flail (unusually strong)
The blast of sand hits the orc.
The orc is heavily wounded.
b - 167 stones The orc barely misses you.
The orc warrior barely misses you.
Casting: Sandblast
Confirm with . or Enter, or press ? or * to list all spells.
You don't have enough magic to cast that spell.
Casting: Sandblast
Confirm with . or Enter, or press ? or * to list all spells.
You don't have enough magic to cast that spell.
The orc priest invokes the aid of Beogh against you.
Beogh smites you! The orc barely misses you.
The orc priest invokes the aid of Beogh against you.
Beogh smites you!
* * * LOW HITPOINT WARNING * * *
You block the orc's attack.
The orc warlord shoots a bolt.
The bolt hits you but does no damage.
The orc warlord shoots a bolt.
The bolt hits you!!
You die...

##.#.#.#.#
#........##
###.∩.......#
##.#.........#
#..(.........#
#.......##...#
##o.......#.##
#)#)........##
#.()#o..@<....#
#....#...##...#
...$..o..###[).#
..............)##
.#.....#........#
..#..............#
..
...............#
.........>....#
$...$.....#


You could see an orc warlord, an orc warrior and an orc.

Vanquished Creatures
  Nessos (Lair:5)
  A dire elephant (Lair:6)
  Erolcha (D:9)
  7 hydras
  An ice dragon (Lair:6)
  3 two-headed ogres
  8 death yaks
  A catoblepas (Lair:6)
  A deep troll shaman (Lair:6)
  Sonja (Lair:3)
  3 skeletal warriors (D:12)
  2 unseen horrors
  A wolf spider zombie (D:12)
  A deep elf mage (D:12)
  A cyclops (D:10)
  An ugly thing (D:11)
  An orc sorcerer (Orc:1)
  4 oklob plants (Lair:2)
  Maurice (D:9)
  A manticore (D:12)
  10 elephants
  An ice statue (Lair:6)
  3 black mambas
  9 spiny frogs
  10 komodo dragons
  2 rime drakes
  An efreet (D:11)
  An ice devil (Lair:6)
  3 trolls
  14 blink frogs
  2 polar bears (Lair:6)
  Grinder (D:3)
  A hornet (D:12)
  Prince Ribbit (D:6)
  11 dream sheep
  5 hippogriffs
  A shadow (D:10)
  Sigmund (D:3)
  2 wyverns
  A human (D:7)
  A wraith (D:11)
  34 yaks
  3 hogs (D:7)
  2 basilisks
  Grum (D:11)
  A hungry ghost (D:7)
  A warg (Orc:1)
  An acid dragon (D:12)
  10 water moccasins
  9 porcupines
  8 orc warriors
  A sky beast (D:10)
  An eye of draining (D:12)
  3 necrophages
  7 ice beasts
  4 phantoms
  4 black bears
  6 ogres
  12 wolves
  8 centaurs
  19 crocodiles
  4 big kobolds
  15 bullfrogs
  4 scorpions
  An electric eel (Lair:5)
  2 vampire bats (D:7)
  2 wights (D:11)
  A howler monkey (D:10)
  8 crimson imps
  2 centaur zombies
  7 hounds
  A quasit (D:8)
  Crazy Yiuf (D:3)
  7 orc priests
  2 bullfrog skeletons
  4 jellies
  2 centaur skeletons
  8 iguanas
  7 worker ants
  4 hell rats (Lair:1)
  13 orc wizards
  2 howler monkey skeletons
  2 worker ant zombies (D:10)
  10 gnolls
  10 river rats
  15 adders
  A shadow imp (D:5)
  2 white imps (Lair:6)
  2 oozes
  8 worms
  An adder skeleton (D:5)
  3 leopard geckos
  59 orcs
  5 ball pythons (Sewer)
  A bat skeleton (D:7)
  5 bat zombies (D:7)
  2 giant cockroaches
  5 goblins
  10 hobgoblins
  18 jackals
  19 kobolds
  2 quokkas
  3 bats
  5 frilled lizards
  A giant cockroach zombie (D:5)
  A quokka skeleton (D:6)
  19 rats
  A fungus (Lair:6)
  A plant (Lair:6)
565 creatures vanquished.

Vanquished Creatures (others)
  A death yak (Lair:6)
  An orc wizard (Orc:1)
  A ball lightning (Lair:6)
  20 fungi
  14 plants
37 creatures vanquished.

Grand Total: 602 creatures vanquished

Notes
Turn   | Place    | Note
-------+----------+-------------------------------------------
     0 | D:1      | kae the Gargoyle Earth Elementalist began the quest for the Orb.
     0 | D:1      | Reached XP level 1. HP: 10/10 MP: 3/3
   410 | D:1      | Reached XP level 2. HP: 15/15 MP: 5/5
   414 | D:1      | Reached skill level 4 in Earth Magic
   989 | D:2      | Found a stormy altar of Qazlal.
  1011 | D:2      | Reached XP level 3. HP: 19/19 MP: 6/6
  1018 | D:2      | Learned a level 3 spell: Stone Arrow
  1358 | D:2      | You fall through a shaft for 2 floors!
  1388 | D:4      | Reached skill level 1 in Conjurations
  1388 | D:4      | Reached XP level 4. HP: 23/24 MP: 3/8
  1582 | D:3      | Noticed Sigmund
  1657 | D:4      | Found a hide-covered altar of Uskayaw.
  2021 | D:3      | Killed Sigmund
  2021 | D:3      | Reached skill level 1 in Fighting
  2021 | D:3      | Reached skill level 5 in Earth Magic
  2021 | D:3      | Reached XP level 5. HP: 28/29 MP: 2/10
  2021 | D:3      | Reached XP level 6. HP: 33/34 MP: 2/11
  2132 | D:3      | Paralysed by a hobgoblin for 2 turns
  2148 | D:3      | Found a glowing drain.
  2161 | Sewer    | Entered a sewer
  2404 | Sewer    | Reached XP level 7. HP: 23/40 MP: 0/13
  3530 | D:3      | Reached skill level 6 in Earth Magic
  3760 | D:3      | Found a runed door.
  3943 | D:3      | Noticed Grinder
  3949 | D:3      | Killed Grinder
  3968 | D:3      | Found a shadowy altar of Dithmenos.
  4103 | D:3      | Noticed Crazy Yiuf
  4107 | D:3      | Killed Crazy Yiuf
  4210 | D:4      | Found a glowing golden altar of the Shining One.
  4219 | D:4      | Found a shimmering altar of Xom.
  4579 | D:4      | Found a white marble altar of Elyvilon.
  4688 | D:5      | Entered Level 5 of the Dungeon
  4694 | D:5      | Reached XP level 8. HP: 44/45 MP: 0/14
  4799 | D:5      | Found a staircase to the Ecumenical Temple.
  4835 | Temple   | Entered the Ecumenical Temple
  4879 | Temple   | Became a worshipper of Vehumet
  4910 | D:5      | You fall through a shaft!
  5316 | D:6      | Found Miss's Assorted Antiques.
  5324 | D:6      | Bought a white potion for 22 gold pieces
  5324 | D:6      | Bought a scroll of identify for 50 gold pieces
  5324 | D:6      | Bought a scroll of identify for 50 gold pieces
  5392 | D:5      | Reached skill level 5 in Spellcasting
  5392 | D:5      | Reached skill level 7 in Earth Magic
  5495 | D:5      | Reached skill level 1 in Shields
  5722 | D:5      | Reached skill level 5 in Conjurations
  5913 | D:5      | Found Girust's Weapon Emporium.
  6205 | D:6      | Noticed Prince Ribbit
  6210 | D:6      | Killed Prince Ribbit
  6690 | D:7      | Reached XP level 9. HP: 51/52 MP: 12/17
  6855 | D:7      | Reached * piety under Vehumet
  6855 | D:7      | Offered knowledge of Sting by Vehumet.
  7067 | D:7      | Reached skill level 8 in Earth Magic
  7623 | D:7      | Found a huge runed gate.
  7623 | D:7      | Found a huge runed gate.
  7623 | D:7      | Found a huge runed gate.
  7623 | D:7      | Found a huge runed gate.
  7623 | D:7      | Noticed a polar bear
  7623 | D:7      | Noticed a polar bear
  7623 | D:7      | Noticed a polar bear
  7623 | D:7      | Noticed a polar bear
  7624 | D:7      | Noticed a death yak
  7624 | D:7      | Noticed a polar bear
  7626 | D:7      | Noticed a polar bear
  7627 | D:7      | Noticed a polar bear
  7662 | D:7      | Reached skill level 9 in Earth Magic
  7698 | D:7      | Reached XP level 10. HP: 58/58 MP: 15/19
  7750 | D:7      | Offered knowledge of Magic Dart by Vehumet.
  7761 | D:7      | Reached ** piety under Vehumet
  7854 | D:7      | Found an ancient bone altar of Kikubaaqudgha.
  7910 | D:7      | You fall through a shaft for 2 floors!
  8519 | D:8      | Reached skill level 5 in Fighting
  8591 | D:8      | Found a snail-covered altar of Cheibriados.
  8698 | D:8      | Found Doto's General Store.
  8707 | D:8      | Bought a scroll of identify for 28 gold pieces
  8757 | D:8      | Offered knowledge of Ignite Poison by Vehumet.
  9127 | D:8      | Learned a level 5 spell: Lee's Rapid Deconstruction
  9133 | D:8      | Learned a level 5 spell: Bolt of Magma
  9148 | D:8      | Reached *** piety under Vehumet
  9284 | D:8      | Found a staircase to the Lair.
  9322 | D:8      | Found a hazy altar of Hepliaklqana.
  9433 | Lair:1   | Entered Level 1 of the Lair of Beasts
  9584 | Lair:1   | Reached skill level 10 in Earth Magic
  9765 | Lair:1   | Noticed a spiny frog
  9807 | Lair:1   | Killed a spiny frog
  9821 | Lair:1   | Reached XP level 11. HP: 64/64 MP: 7/22
 10105 | Lair:1   | Noticed Gastronok
 10648 | Lair:1   | Offered knowledge of Mephitic Cloud by Vehumet.
 10819 | Lair:2   | Noticed a five-headed hydra
 10859 | Lair:2   | Found a staircase to the Swamp.
 10864 | Lair:2   | Killed a five-headed hydra
 10864 | Lair:2   | Reached skill level 5 in Dodging
 11303 | Lair:2   | Found a hole to the Spider Nest.
 11314 | Lair:2   | Reached **** piety under Vehumet
 11499 | Lair:2   | Reached skill level 11 in Earth Magic
 11781 | Lair:2   | Offered knowledge of Fireball by Vehumet.
 12093 | Lair:2   | Noticed an oklob plant
 12240 | Lair:2   | Noticed an oklob plant
 12240 | Lair:2   | Noticed an oklob plant
 12240 | Lair:2   | Noticed an oklob plant
 12504 | Lair:2   | Killed an oklob plant
 12593 | Lair:2   | Killed an oklob plant
 12663 | Lair:2   | Killed an oklob plant
 12763 | Lair:2   | Killed an oklob plant
 13362 | Lair:3   | Noticed a seven-headed hydra
 13416 | Lair:3   | Identified a +2 pair of boots of running (You found it on level 3 of the Lair of Beasts)
 13756 | Lair:3   | Noticed Sonja
 13759 | Lair:3   | Killed Sonja
 13764 | Lair:3   | Killed a seven-headed hydra
 13764 | Lair:3   | Reached skill level 10 in Conjurations
 13764 | Lair:3   | Reached XP level 12. HP: 55/71 MP: 18/25
 13977 | Lair:3   | Reached skill level 12 in Earth Magic
 14358 | Lair:4   | Noticed a five-headed hydra
 14397 | Lair:3   | Reached ***** piety under Vehumet
 14537 | Lair:4   | Killed a five-headed hydra
 14741 | Lair:4   | Found a transporter.
 14763 | Lair:4   | Offered knowledge of Bolt of Fire by Vehumet.
 15179 | Lair:4   | Noticed a death yak
 15180 | Lair:4   | Noticed a death yak
 15180 | Lair:4   | Noticed a death yak
 15211 | Lair:4   | Killed a death yak
 15370 | Lair:4   | Reached skill level 10 in Spellcasting
 15765 | Lair:4   | Noticed a death yak
 15767 | Lair:4   | Noticed a death yak
 15786 | Lair:4   | Killed a death yak
 15949 | Lair:4   | Found a transporter.
 16085 | Lair:4   | Killed a death yak
 16085 | Lair:4   | Reached skill level 13 in Earth Magic
 16085 | Lair:4   | Reached XP level 13. HP: 63/78 MP: 13/27
 16563 | Lair:5   | Noticed Nessos
 16933 | Lair:5   | Killed Nessos
 16933 | Lair:5   | Reached skill level 1 in Maces & Flails
 17752 | Lair:6   | Entered Level 6 of the Lair of Beasts
 18388 | Lair:6   | Noticed an ice dragon
 18552 | Lair:6   | Offered knowledge of Yara's Violent Unravelling by Vehumet.
 19014 | Lair:6   | Learned a level 6 spell: Iron Shot
 19142 | Lair:6   | Found a viscous altar of Jiyva.
 19143 | Lair:6   | Found a staircase to the Slime Pits.
 19464 | Lair:6   | Identified a scroll of acquirement
 19536 | Lair:6   | Reached skill level 1 in Staves
 19625 | Lair:6   | Killed an ice dragon
 19884 | Lair:6   | Reached skill level 14 in Earth Magic
 19890 | Lair:6   | Reached skill level 1 in Evocations
 19900 | Lair:6   | Gained mutation: Your large and strong wings let you fly indefinitely. [Gargoyle growth]
 19900 | Lair:6   | Reached XP level 14. HP: 65/84 MP: 21/29
 21223 | Lair:6   | Noticed a dire elephant
 21255 | Lair:6   | Killed a dire elephant
 21684 | D:9      | Noticed Maurice
 21703 | D:9      | Killed Maurice
 21806 | D:9      | Found an iron altar of Okawaru.
 21840 | D:9      | Noticed Erolcha
 21844 | D:9      | Killed Erolcha
 22114 | D:9      | Found a staircase to the Orcish Mines.
 22381 | D:9      | Found a roughly hewn altar of Beogh.
 22488 | D:10     | Entered Level 10 of the Dungeon
 22760 | D:10     | Found a shimmering altar of Xom.
 23702 | D:11     | Found a sparkling altar of Nemelex Xobeh.
 23708 | D:11     | Noticed Grum
 23720 | D:11     | Killed Grum
 24668 | D:12     | Offered knowledge of Conjure Ball Lightning by Vehumet.
 25761 | D:12     | Reached skill level 5 in Staves
 26068 | D:12     | Found a glowing golden altar of the Shining One.
 26257 | Orc:1    | Entered Level 1 of the Orcish Mines
 26257 | Orc:1    | Found Pugg's Book Shoppe.
 26308 | Orc:1    | Noticed an orc warlord
 26325 | Orc:1    | Shot with a bolt by an orc warlord

Vault maps used:
D:1:      dpeg_arrival_simpleton_a, minmay_rat_gold_closets
D:2:      grunt_qazlal_clouds
D:3:      nicolae_dithmenos_through_a_glass_darkly, portal_sewer_entry_d,
          uniq_sigmund, uniq_grinder, uniq_crazy_yiuf_cottage
D:4:      elyvilon_altar_1, eat_drink_and_be_merry_uskayaw, minitemple,
          minmay_misc_feat_rugged
D:5:      minmay_temple_entry_overgrown, serial_shops,
          nicolae_shop_behind_doors, first_bread
D:6:      serial_shops, shop, minivault_11, uniq_prince_ribbit1
D:7:      lemuel_bear_cage, kennysheep_vampire_church, grunt_livestock,
          minmay_misc_feat_rows, minmay_door_square
D:8:      lemuel_crystal_altar, kennysheep_mini_moat, david_lair_shrubbed,
          serial_shops, shop
D:9:      okawaru_trees_1, minmay_orc_entry_temple_small, uniq_maurice,
          uniq_erolcha
D:10:     basic_altar
D:11:     basic_altar, kennysheep_kite_vault, uniq_grum
D:12:     nicolae_tso_carved_into_rock
Temple:   nicolae_temple_god_jail
Lair:1:   st_stairs_3, kennysheep_abandoned_house, uniq_gastronok
Lair:2:   minmay_swamp_entry_reptiles, nicolae_spider_entry_non_spiders,
          lemuel_fruit_fields, minmay_lair_oklob_chamber, grunt_megastairs_5,
          serial_bayou_shore_b
Lair:3:   beast_lair_carwin_large_2, pond, uniq_sonja
Lair:4:   gammafunk_cloud_chamber
Lair:5:   nicolae_quartered_pool_little, grunt_megastairs_3, uniq_nessos
Lair:6:   grunt_lair_end_beastmaster, slime_altar_1, ice2_lemuel
Orc:1:    cheibrodos_orc_guarddog, serial_shops, shop
Sewer:    sewer_co_15_rooms

Skill      XL: |  1  2  3  4  5  6  7  8  9 10 11 12 13 14 |
---------------+-------------------------------------------+-----
Earth Magic    | 4 5 6 7 9 10 11 13 14 | 14.8
Spellcasting   | 3 4 5 6 7 9 10 11 | 11.7
Conjurations   | 1 2 3 4 5 6 8 10 11 12 13 | 13.2
Fighting       | 1 2 3 4 5 6 7 8 9 |  9.5
Dodging        | 2 3 4 5 6 7 |  7.6
Shields        | 2 3 4 |  4.0
Maces & Flails | 2 |  2.3
Staves         | 2 5 |  5.2
Evocations     | 1 3 |  3.1
Stealth        | |  2.1
Transmutations | |  0.7

Action                   |  1- 3 |  4- 6 |  7- 9 | 10-12 | 13-15 || total
-------------------------+-------+-------+-------+-------+-------++-------
Melee: Unarmed           |    38 |       |       |       |       ||    38
       Whip              |    82 |    81 |   113 |       |       ||   276
       Mace              |       |       |   203 |   205 |    64 ||   472
       Staff             |       |       |       |       |   217 ||   217
 Cast: Sandblast         |    17 |    24 |    58 |   137 |   127 ||   363
       Stone Arrow       |       |     8 |    74 |   252 |   459 ||   793
       Lee's Rapid Decon |       |       |       |    22 |    33 ||    55
       Bolt of Magma     |       |       |       |       |    11 ||    11
       Iron Shot         |       |       |       |       |    15 ||    15
 Abil: Fly               |       |       |       |       |     1 ||     1
Evoke: Wand              |       |       |       |     2 |       ||     2
  Use: Scroll            |       |     3 |    18 |     8 |     8 ||    37
 Stab: Sleeping          |     8 |     2 |     1 |     1 |     1 ||    13
  Eat: Chunk             |     2 |     3 |    19 |    24 |    30 ||    78
       Fruit             |       |       |     2 |     3 |     6 ||    11
       Bread ration      |       |       |     1 |     1 |       ||     2
       Royal jelly       |       |       |       |       |     4 ||     4
Armor: Robe              |    44 |    30 |   200 |   232 |   254 ||   760
Dodge: Dodged            |    82 |    50 |   292 |   352 |   300 ||  1076
Block: Buckler           |       |       |    36 |    96 |   111 ||   243

Table legend:
 A = Spawn XP
 B = Non-spawn XP
 C = Spawn XP percentage of total XP
 D = Spawn monster count
 E = Non-spawn monster count
 F = Spawn count percentage of total count
 G = Total turns spent on level
                    A         B        C        D         E        F      G
               +---------+---------+-------+---------+---------+-------+---------
         Total |       0 |   86472 |   0.0 |       0 |     563 |   0.0 | 26325
               +---------+---------+-------+---------+---------+-------+---------
           D:1 |       0 |      26 |   0.0 |       0 |      22 |   0.0 |   965
           D:2 |       0 |      42 |   0.0 |       0 |      18 |   0.0 |   756
           D:3 |       0 |     668 |   0.0 |       0 |      25 |   0.0 |  1257
           D:4 |       0 |     137 |   0.0 |       0 |      12 |   0.0 |   851
           D:5 |       0 |     679 |   0.0 |       0 |      14 |   0.0 |   920
           D:6 |       0 |     496 |   0.0 |       0 |       9 |   0.0 |  1009
           D:7 |       0 |    2716 |   0.0 |       0 |      50 |   0.0 |  1526
           D:8 |       0 |    1273 |   0.0 |       0 |      24 |   0.0 |   745
           D:9 |       0 |    2511 |   0.0 |       0 |      33 |   0.0 |  1386
          D:10 |       0 |    3798 |   0.0 |       0 |      32 |   0.0 |  1132
          D:11 |       0 |    5869 |   0.0 |       0 |      38 |   0.0 |  1263
          D:12 |       0 |    9354 |   0.0 |       0 |      46 |   0.0 |  1356
        Lair:1 |       0 |    4016 |   0.0 |       0 |      30 |   0.0 |  1546
        Lair:2 |       0 |    5651 |   0.0 |       0 |      28 |   0.0 |  2184
        Lair:3 |       0 |    5692 |   0.0 |       0 |      27 |   0.0 |  1483
        Lair:4 |       0 |   11420 |   0.0 |       0 |      33 |   0.0 |  1972
        Lair:5 |       0 |    7425 |   0.0 |       0 |      20 |   0.0 |  1634
        Lair:6 |       0 |   23221 |   0.0 |       0 |      70 |   0.0 |  3356
         Orc:1 |       0 |    1189 |   0.0 |       0 |      12 |   0.0 |    68
         Sewer |       0 |     289 |   0.0 |       0 |      20 |   0.0 |   861
               +---------+---------+-------+---------+---------+-------+---------
